 Dungeon Crawl Stone Soup version 0.17-a0-1714-g35622ae (webtiles) character file.

17657 karlkraus the Blocker (level 12, 0/105 HPs)
             Began as a Minotaur Fighter on Aug 23, 2015.
             Was a High Priest of Makhleb.
             Slain by Rupert
             ... wielding a +5 great mace of holy wrath
              (34 damage)
             ... on level 4 of the Lair of Beasts.
             The game lasted 00:28:26 (10406 turns).

karlkraus the Blocker (Minotaur Fighter)           Turns: 10406, Time: 00:28:27

Health: 0/105      AC: 25    Str: 27    XL:     12   Next: 20%
Magic:  14/14      EV: 18    Int:  5    God:    Makhleb [*****.]
Gold:   782        SH: 19    Dex: 18    Spells: 0 memorised, 11 levels left

rFire  x . .     SeeInvis +     D - +0 flail (protect)
rCold  + + .     Clarity  .     j - +0 ice dragon armour of the Poles {rF- rC++ Str+5}
rNeg   . . .     SustAt   .     y - +3 shield
rPois  +         Gourm    .     x - +2 hat
rElec  .         Spirit   .     p - +0 cloak
rCorr  .         Warding  .     E - +0 pair of gloves
rMut   .         Stasis   .     L - +0 pair of boots
MR     .....                    (no amulet)
Stlth  +.........               t - ring of poison resistance
                                q - ring of see invisible

@: not resistant to hostile enchantments, very unstealthy
A: retaliatory headbutt, horns 2, large bone plates 1, agile 2, breathe flames
1, regeneration 1, no device heal 1, MP-powered wands
a: Minor Destruction, Lesser Servant of Makhleb, Major Destruction, Greater
Servant of Makhleb, Renounce Religion, Breathe Fire


You were on level 4 of the Lair of Beasts.
You worshipped Makhleb.
Makhleb was extremely pleased with you.
You were near starving.

You visited 3 branches of the dungeon, and saw 15 of its levels.
You also visited: Ice Cave.

You collected 782 gold pieces.

Inventory:

Hand weapons
 D - a +0 flail of protection (weapon)
 H - a +0 demon whip of electrocution
Armour
 c - a +2 buckler
 j - the +0 ice dragon armour of the Poles (worn) {rF- rC++ Str+5}
   (You found it in an ice cave)

   It affects your strength (+5).
   It makes you vulnerable to fire.
   It greatly protects you from cold.
 p - a +0 cloak (worn)
 x - a +2 hat (worn)
 y - a +3 shield (worn)
 B - the cursed +0 chain mail of the Moon {Str+4}
   (You found it on level 2 of the Lair of Beasts)

   It affects your strength (+4).
   It has a curse placed upon it.
 C - the +1 leather armour of Mysticism {rC+ rN+ Int+2}
   (You found it on level 4 of the Dungeon)

   It affects your intelligence (+2).
   It protects you from cold.
   It protects you from negative energy.
 E - a +0 pair of gloves (worn)
 L - a +0 pair of boots (worn)
Jewellery
 q - a ring of see invisible (left hand)
 t - a ring of poison resistance (right hand)
Magical devices
 l - a wand of fireball (15)
 F - a wand of random effects (10)
 K - a wand of digging (14)
 N - a wand of digging (13)
Scrolls
 g - a scroll of noise
 k - 4 scrolls of remove curse
 w - 3 scrolls of recharging
 A - a scroll of fog
 I - 2 scrolls of enchant weapon {unknown}
Potions
 b - a potion of magic
 d - 2 potions of might
 f - 7 potions of curing
 h - a potion of brilliance
 n - 3 potions of haste {unknown}
 s - a potion of lignification {unknown}
 u - a potion of flight {unknown}
 v - a potion of invisibility
 G - a potion of cancellation {unknown}
 J - a potion of agility {unknown}
Books
 r - a book of Geomancy

   Spells                             Type                      Level
   a - Sandblast                      Earth                        1
   b - Stoneskin                      Transmutation/Earth          2
   c - Passwall                       Transmutation/Earth          3
   d - Stone Arrow                    Conjuration/Earth            3
   e - Petrify                        Transmutation/Earth          4
   f - Lee's Rapid Deconstruction     Earth                        5
Miscellaneous
 O - a phial of floods
Comestibles
 e - 8 bread rations
 i - 10 beef jerkies
 m - 7 meat rations
 o - 3 slices of pizza
 z - 14 fruits


   Skills:
 + Level 9.5 Fighting
 + Level 10.1 Maces & Flails
 * Level 8.2 Armour
 + Level 11.2 Dodging
 - Level 2.0 Stealth
 + Level 13.1 Shields
 * Level 4.3 Invocations


You had 11 spell levels left.
You didn't know any spells.

Dungeon Overview and Level Annotations

Branches:
Dungeon (10/15)            Temple (1/1) D:6            Lair (4/8) D:10
  Swamp: Lair:3-6    Shoals: Lair:3-6     Snake: Lair:3-6    Spider: Lair:3-6
    Orc: D:9-12

Altars:
Ashenzari
Cheibriados
Elyvilon
Fedhas
Gozag
Kikubaaqudgha
Makhleb
Nemelex Xobeh
Okawaru
Qazlal
Ru
Sif Muna
Vehumet
Xom
Yredelemnul
Zin

Shops:
D:10 (

Annotations:
Lair:4 Rupert


Innate Abilities, Weirdness & Mutations

You reflexively headbutt those who attack you in melee.
You have a pair of horns on your head.
You are partially covered in large bone plates (AC +2, SH +2).
You are very agile. (Dex +4)
You can breathe flames.
Your natural rate of healing is unusually fast.
Potions and wands are less effective at restoring your health.
You expend magic power (3 MP) to strengthen your wands.


Message History

You block Rupert's attack.
You closely miss Rupert. Your headbutt misses Rupert.
Rupert is heavily wounded.
Rupert hits you with a great mace of holy wrath!!
You hit Rupert but do no damage. You headbutt Rupert, but do no damage.
Rupert is heavily wounded.
You block Rupert's attack.
You hit Rupert but do no damage.
Rupert is heavily wounded.
Rupert hits you with a great mace of holy wrath!!
You hit Rupert. You headbutt Rupert.
Rupert is heavily wounded.
You block Rupert's attack.
You sock Rupert!
Rupert is heavily wounded.
Rupert misses you.
You hit Rupert. You headbutt Rupert.
Rupert is severely wounded.
Rupert hits you with a great mace of holy wrath!!
You die...

## #.P.#. #.##....##
+# ##.......# ...
#....[...# .... #
#......# #.. .
..#......## ### #.....
..........###.##.#....
#.+....)..#.#.#@......
#.....<+....@.#
#.........#.##.#
##.####.##.## ## ##
######


You could see Rupert (berserk).

Vanquished Creatures
  Harold (Lair:4)
  An ice devil (IceCv)
  2 ice statues (IceCv)
  4 elephants
  2 griffons
  A black mamba (Lair:1)
  4 spiny frogs
  2 komodo dragons
  9 blue devils (IceCv)
  3 basilisks
  4 hippogriffs
  10 yaks
  4 wolves (Lair:3)
  A hungry ghost (D:10)
  Menkaure (D:7)
  11 ice beasts
  3 water moccasins (Lair:3)
  4 porcupines
  Duvessa (D:7)
  2 orc warriors
  2 sky beasts
  A black bear (D:8)
  6 ogres
  2 phantoms (D:7)
  A centaur (D:9)
  2 big kobolds (D:7)
  5 crocodiles
  8 giant frogs
  10 wights
  Dowan (D:7)
  6 killer bees (D:9)
  3 scorpions
  2 vampire bats (D:6)
  The ghost of tabstorm the Ruffian, a weakling DrTm (D:4)
  4 hounds
  A giant frog zombie (D:9)
  2 crimson imps
  2 jellies
  A giant frog skeleton (D:5)
  5 orc priests
  6 orc wizards
  A centaur zombie (D:8)
  Jessica (D:3)
  Terence (D:3)
  4 iguanas
  A statue (D:6)
  6 worker ants
  A sheep (D:10)
  2 worker ant zombies
  5 adders
  4 gnolls (D:6)
  8 river rats (Lair:2)
  A shadow imp (D:10)
  6 white imps (IceCv)
  5 ufetubi (IceCv)
  An ooze (D:3)
  An adder zombie (D:8)
  2 adder skeletons
  A worm (D:9)
  2 giant geckos
  38 orcs
  3 ball pythons
  3 giant cockroaches
  5 goblins
  4 hobgoblins
  11 jackals
  20 kobolds
  4 quokkas
  6 bats
  A giant gecko skeleton (D:8)
  9 giant newts
  9 rats
  A plant (Lair:1)
308 creatures vanquished.

Vanquished Creatures (others)
  2 ufetubi (IceCv)
  4 white imps (IceCv)
6 creatures vanquished.

Grand Total: 314 creatures vanquished

Notes
Turn   | Place    | Note
--------------------------------------------------------------
     0 | D:1      | karlkraus the Minotaur Fighter began the quest for the Orb.
     0 | D:1      | Reached XP level 1. HP: 19/19 MP: 0/0
   200 | D:1      | Reached XP level 2. HP: 21/27 MP: 1/1
   350 | D:1      | Reached skill level 4 in Fighting
   818 | D:2      | Reached XP level 3. HP: 33/33 MP: 2/2
   872 | D:2      | Found a glowing silver altar of Zin.
   896 | D:2      | Found a blossoming altar of Fedhas.
  1229 | D:3      | Found a stormy altar of Qazlal.
  1264 | D:3      | Noticed Jessica
  1271 | D:3      | Killed Jessica
  1276 | D:3      | Reached XP level 4. HP: 24/40 MP: 3/3
  1413 | D:3      | Reached skill level 1 in Dodging
  1458 | D:3      | Noticed Terence
  1471 | D:3      | Reached skill level 5 in Armour
  1471 | D:3      | Reached XP level 5. HP: 21/47 MP: 4/4
  1477 | D:3      | Killed Terence
  2407 | D:4      | Reached skill level 5 in Shields
  2556 | D:4      | Noticed tabstorm's ghost (weakling DrTm)
  2569 | D:4      | Killed tabstorm's ghost
  2620 | D:4      | Got an ancient leather armour
  2623 | D:4      | Identified the +1 leather armour of Mysticism {rC+ rN+ Int+2} (You found it on level 4 of the Dungeon)
  2632 | D:4      | Reached XP level 6. HP: 43/53 MP: 5/5
  3009 | D:4      | Noticed an ogre
  3017 | D:4      | Killed an ogre
  3268 | D:5      | Entered Level 5 of the Dungeon
  3308 | D:5      | Reached skill level 5 in Fighting
  3509 | D:5      | Reached XP level 7. HP: 61/61 MP: 6/6
  3518 | D:5      | Reached skill level 6 in Shields
  3899 | D:5      | Found an opulent altar of Gozag.
  4105 | D:6      | Found a radiant altar of Vehumet.
  4179 | D:6      | Reached skill level 5 in Maces & Flails
  4210 | D:6      | Reached XP level 8. HP: 30/69 MP: 7/7
  4577 | D:6      | Found a staircase to the Ecumenical Temple.
  4629 | Temple   | Entered the Ecumenical Temple
  4644 | Temple   | Became a worshipper of Makhleb the Destroyer
  4844 | D:7      | Reached skill level 5 in Dodging
  4847 | D:7      | Reached skill level 7 in Shields
  4938 | D:7      | Reached skill level 1 in Stealth
  5042 | D:7      | Noticed Dowan
  5043 | D:7      | Noticed Duvessa
  5053 | D:7      | Killed Dowan
  5064 | D:7      | Killed Duvessa
  5064 | D:7      | Acquired Makhleb's first power
  5064 | D:7      | Reached skill level 8 in Shields
  5180 | D:7      | Found a shimmering altar of Xom.
  5185 | D:7      | Noticed Menkaure
  5193 | D:7      | HP: 2/71 [Menkaure/nerve-wracking pain (8)]
  5194 | D:7      | Killed Menkaure
  5194 | D:7      | Reached XP level 9. HP: 2/78 MP: 8/8
  5512 | D:8      | Reached skill level 9 in Shields
  5553 | D:8      | Found a sacrificial altar of Ru.
  5587 | D:8      | Gained mutation: You expend magic power (3 MP) to strengthen your wands. [mutagenic meat]
  5588 | D:8      | Gained mutation: You are agile. (Dex +2) [mutagenic meat]
  5589 | D:8      | Gained mutation: Your natural rate of healing is unusually fast. [mutagenic meat]
  5590 | D:8      | Gained mutation: Your spells are a little harder to cast, but a little more powerful. [mutagenic meat]
  5747 | D:8      | Acquired Makhleb's second power
  5833 | D:8      | Found a sacrificial altar of Ru.
  6228 | D:9      | Found a snail-covered altar of Cheibriados.
  6273 | D:9      | Gained mutation: Potions and wands are less effective at restoring your health. [mutagenic meat]
  6274 | D:9      | Lost mutation: Your spells are a little harder to cast, but a little more powerful. [mutagenic meat]
  6275 | D:9      | Gained mutation: You are partially covered in large bone plates (AC +2, SH +2). [mutagenic meat]
  6276 | D:9      | Gained mutation: You can breathe flames. [mutagenic meat]
  6277 | D:9      | Gained mutation: You are very agile. (Dex +4) [mutagenic meat]
  6350 | D:9      | Reached skill level 10 in Shields
  6354 | D:9      | Acquired Makhleb's third power
  6354 | D:9      | Reached XP level 10. HP: 79/86 MP: 9/9
  6431 | D:9      | Noticed a griffon
  6439 | D:9      | Killed a griffon
  6886 | D:10     | Entered Level 10 of the Dungeon
  6886 | D:10     | Found Levirofu's Weapon Shop.
  6946 | D:10     | Found a staircase to the Lair.
  6946 | D:10     | Noticed an elephant
  6979 | D:10     | Killed an elephant
  6993 | Lair:1   | Entered Level 1 of the Lair of Beasts
  7131 | Lair:1   | Reached skill level 11 in Shields
  7886 | Lair:1   | Noticed a black mamba
  7905 | Lair:1   | Killed a black mamba
  7985 | Lair:2   | Reached skill level 1 in Invocations
  7985 | Lair:2   | Reached XP level 11. HP: 84/95 MP: 10/10
  7987 | Lair:2   | Acquired Makhleb's fourth power
  8120 | Lair:2   | Got a brightly glowing chain mail
  8121 | Lair:2   | Identified the cursed +0 chain mail of the Moon {Str+4} (You found it on level 2 of the Lair of Beasts)
  8394 | Lair:2   | Reached skill level 10 in Dodging
  8798 | Lair:3   | Found a frozen archway.
  8850 | IceCv    | Entered an ice cave
  8878 | IceCv    | Noticed an ice statue
  8878 | IceCv    | Noticed an ice statue
  8887 | IceCv    | Killed an ice statue
  8933 | IceCv    | Killed an ice statue
  8990 | IceCv    | Reached skill level 12 in Shields
  9179 | IceCv    | Acquired Makhleb's fifth power
  9275 | IceCv    | Noticed an ice devil
  9294 | IceCv    | Killed an ice devil
  9319 | IceCv    | Got a faintly humming ice dragon armour
  9341 | IceCv    | Identified the cursed +0 ice dragon armour of the Poles {rF- rC++ Str+5} (You found it in an ice cave)
  9892 | Lair:3   | Reached XP level 12. HP: 105/105 MP: 14/14
  9940 | Lair:3   | Reached skill level 10 in Maces & Flails
 10016 | Lair:3   | Found an opulent altar of Gozag.
 10156 | Lair:3   | Reached skill level 13 in Shields
 10343 | Lair:4   | Noticed Harold
 10371 | Lair:4   | Killed Harold
 10381 | Lair:4   | Noticed Rupert
 10390 | Lair:4   | Paralysed by Rupert for 2 turns
 10406 | Lair:4   | Slain by Rupert

Vault maps used:
D:1:      dpeg_arrival_tiny_e
D:2:      fedhas_altar_2, zin_scriptorium, first_bread, lemuel_another_geyser
D:3:      grunt_qazlal_sundering, uniq_jessica, uniq_terence
D:4:      nrook_uturn, minmay_misc_feat_plants
D:5:      nicolae_gozag_cash_rules_everything_around_me
D:6:      vehumet_statue, minmay_temple_entry_butterflies, roderic_batcave
D:7:      xom_teletrap_fun, uniq_menkaure, uniq_duvessa
D:8:      lemuel_crystal_altar, serial_bayou_pond_a, grunt_ogre_cave,
          nicolae_ru_path_of_blood
D:9:      dk_vineyard_2, chei_slow_surprise
D:10:     david_lair_generic, serial_shops, shop, shop, nicolae_shop_crystal,
          nicolae_shop_statue_plus, nicolae_shop_window_shopping, uniq_sonja,
          uniq_maurice
Temple:   temple_eino_lava_12
Lair:1:   st_stairs_12, hibernation_bobbens
Lair:2:   grunt_forest_stairs_basic
Lair:3:   portal_ice_cave_entry_ice_beasts, basic_altar
Lair:4:   uniq_harold, uniq_rupert
IceCv:    ice_cave_small_demon

Action                   |  1- 3 |  4- 6 |  7- 9 | 10-12 || total
-------------------------+-------+-------+-------+-------++-------
Melee: Flail             |    71 |   143 |   397 |   722 ||  1333
  Use: Scroll            |       |     1 |     5 |    19 ||    25
       Potion            |       |     1 |     3 |     2 ||     6
 Stab: Invisible         |       |       |     2 |       ||     2
       Sleeping          |       |       |     2 |     5 ||     7
       Distracted        |       |       |     1 |       ||     1
  Eat: Chunk             |       |     8 |    17 |    12 ||    37
       Royal jelly       |       |       |     1 |       ||     1
       Fruit             |       |       |       |     1 ||     1
